Unix NetHack Version 5.0.0-0 post-release - last build May 31 2026 23:59:36 (970b52f25bf058293b47ddfd14a1e40e571c508c,branch:main).

Game began 2026-06-05 20:32:15, ended 2026-06-06 19:09:51.

Anarchos, lawful female dwarven Valkyrie

    ------------
    |..........|
    |...@r......#      --------------------------------
    |<.........|###    |..............................|
    |..........|###### |.-----------.......--------   |
    |...G..u...|  ###  |.|         |.-------
    ------------    ## |.+         |.|
                    #  |.----     --.|
                    ## |....---+- ...|
                    ###|.............|
                      #|...........{.- -----          |
                      #|..............................|
                      #|...-|---+--...........--+--   |
                      #|...| .    ---- --------
                      #|...| [!
                      #....|  ?|
                       |...-  --
                        .....
                       -------

Anarchos the Skirmisher     St:16 Dx:14 Co:20 In:9 Wi:8 Ch:7  Lawful
Dlvl:5  $:117 HP:0(40) Pw:4(4) AC:6  Xp:3 T:1709  Fainted  Burdened Deaf

Latest messages:
 You are beginning to feel hungry.
 You have a little trouble lifting v - a key.
 You are carrying too much to get through.
 Really step onto that rolling boulder trap? [yn] (n) n
 You hear a jackal howling at the moon.
 You have a little trouble lifting E - a tinning kit.
 A trap door opens up under you!
 You hear a door open.
 You hear a door open.
 You hear a door open.
 You hear a door open.
 You hear a door open.
 Valkyrie needs food, badly!
 The pony kicks!
 The pony bites!
 You hit the pony!
 The pony kicks!
 The pony bites!
 The pony kicks!
 The pony misses!
 The pony kicks!
 The pony bites!
 What do you want to throw? [$bfhikpqDF or ?*] d
 In what direction? 6
 The pony seems more amiable.
 The food ration misses the pony.
 You have a little trouble lifting d - an uncursed food ration.
 You hear water falling on coins.
 You faint from lack of food.
 The wererat hits!
 The wererat changes into a rat.
 The wererat bites!
 The wererat bites!
 You feel feverish.
 The wererat bites!
 You regain consciousness.
 You hit the wererat.
 The wererat bites!
 You can hear again.
 The wererat bites!
 You miss the wererat.
 The wererat bites!
 You faint from lack of food.
 The wererat bites!
 The wererat bites!
 The wererat bites!
 The wererat bites!
 The wererat bites!
 You die...
 Do you want your possessions identified? [ynq] (y) q

Inventory:
 Coins    ('$')
  $ - 117 gold pieces
 Weapons  (')')
  D - a +0 arrow
  h - 5 +0 crossbow bolts
  f - a +0 crossbow
  F - a +0 dart
  q - 10 cursed +0 darts
  b - a +0 dagger
  i - a cursed -2 dagger
  a - a +1 dwarvish spear (weapon in right hand)
  k - a +0 axe
  p - a cursed +0 two-handed sword
 Armor    ('[')
  l - an uncursed +0 orcish helm
  C - an uncursed +0 pair of low boots
  c - an uncursed +3 small shield (being worn)
  r - an uncursed +0 scale mail
 Comestibles  ('%')
  x - 2 cursed cream pies
  d - an uncursed food ration
  g - an uncursed fortune cookie
  y - a cursed rotten tin of kobold meat
 Scrolls  ('?')
  t - a blessed scroll of amnesia
  u - a blessed scroll of scare monster
 Spellbooks  ('+')
  m - an uncursed spellbook of identify
 Potions  ('!')
  e - an uncursed potion of hallucination
  s - an uncursed potion of sickness
 Rings    ('=')
  n - an uncursed ring of levitation
 Tools    ('(')
  j - an uncursed lock pick
  A - a +0 pick-axe (alternate weapon; not wielded)
  v - an uncursed skeleton key
  E - a tinning kit (0:91)
 Gems/Stones  ('*')
  o - an uncursed amber stone
  B - an uncursed worthless piece of black glass
  z - a cursed worthless piece of black glass
  G - an uncursed worthless piece of orange glass
  H - 4 uncursed worthless pieces of red glass
  w - 10 uncursed rocks

Anarchos the Valkyrie's attributes:

Background:
 You were a Skirmisher, a level 3 dwarven Valkyrie.
 You were lawful, nominally on a mission for Tyr
 who was opposed by Odin (neutral) and Loki (chaotic).
 You were right-handed.
 You were in the Gnomish Mines, on level 5.
 You entered the dungeon 1709 turns ago.
 You had 48 experience points, 32 more were needed to attain level 4.

Basics:
 You had 0 out of 40 hit points.
 You had all 4 energy points (spell power).
 Your armor class was 6.
 Your wallet contained 117 zorkmids.
 Autopickup was on for all types.

Final Characteristics:
 Your strength was 16 (base:17, limit:18/100).
 Your dexterity was 14 (limit:20).
 Your constitution was 20 (limit:20).
 Your intelligence was 9 (limit:16).
 Your wisdom was 8 (limit:16).
 Your charisma was 7 (limit:16).

Final Status:
 You were deaf.
 You were fainted due to starvation.
 You were burdened; movement was slightly slowed.
 You were wielding a spear.
 You had basic skill with spear.

Final Attributes:
 You were devoutly aligned.
 You were cold resistant.
 You were level-drain resistant.
 You had infravision.
 You were stealthy.
 You were a wererat.
 You were harmed by silver.
 You are dead.

Miscellaneous:
 You didn't encounter any bones levels.
 Total elapsed playing time was 1 hour and 48 minutes.

Major events:
 Turn
    1: Anarchos the lawful dwarven Valkyrie entered the dungeon
  759: entered the Gnomish Mines
  926: attained the rank of Skirmisher (level 3)
 1610: reached Mine Town
 1709: killed by a wererat, while fainted from lack of food

You didn't know any spells.

Skills:
 Fighting Skills
   bare handed combat [Unskilled]
   two weapon combat  [Unskilled]
   riding             [Unskilled]
 Weapon Skills
   dagger             [Basic]
   axe                [Unskilled]
   pick-axe           [Unskilled]
   short sword        [Unskilled]
   broadsword         [Unskilled]
   long sword         [Unskilled]
   two-handed sword   [Unskilled]
   saber              [Unskilled]
   hammer             [Unskilled]
   quarterstaff       [Unskilled]
   polearms           [Unskilled]
   spear              [Basic]
   trident            [Unskilled]
   lance              [Unskilled]
   sling              [Unskilled]
 Spellcasting Skills
   attack spells      [Unskilled]
   escape spells      [Unskilled]

Voluntary challenges:
 Character rerolling was not enabled.
 You were an atheist.
 You never genocided any monsters.
 You never polymorphed an object.
 You never changed form.
 You used no wishes.
Achievements:
 You entered a shop.
 You entered the Gnomish Mines.
 You attained the rank of Skirmisher.
 You entered Minetown.

 The Dungeons of Doom: levels 1 to 2
    Level 1:
       A fountain.
    Level 2:
       A general store.
       Stairs down to The Gnomish Mines.
 The Gnomish Mines: levels 3 to 5
    Level 3:
    Level 4:
    Level 5: <- You were here.
       A fountain.
       Final resting place for
          you, killed by a wererat, while fainted from lack of food.


Vanquished creatures:
  2 coyotes
  a hobbit
  2 gnomes
  a gnome zombie
  a gecko
  a jackal
  3 foxes
  a kobold
  3 goblins
  a sewer rat
  3 grid bugs
  3 newts
22 creatures vanquished.

No species were genocided or became extinct.

Game over:
                       ----------
                      /          \
                     /    REST    \
                    /      IN      \
                   /     PEACE      \
                  /                  \
                  |     Anarchos     |
                  |      117 Au      |
                  |   killed by a    |
                  |     wererat      |
                  |                  |
                  |                  |
                  |       2026       |
                 *|     *  *  *      | *
        _________)/\\_//(\/(/\)/\//\/|_)_______

Farvel Anarchos the Valkyrie...

You died in The Gnomish Mines on dungeon level 5 with 518 points,
and 117 pieces of gold, after 1709 moves.
You were level 3 with a maximum of 40 hit points when you died.

